Map: Jagannatha LE

Players

TLHarstem (Harstem)

  • Race: Protoss Protoss
  • League: Master

Serral - Winner!

  • Race: Zerg Zerg
  • League: Master

Event: DreamHack SC2 Masters 2021 Summer

VOD

Have the link to the VOD?

Description

Time

  • Played on: May 21, 2021, 1:20 p.m.
  • Length: 7:24

All games in this series

Show
View Real Time Build Order
Export as new Build Order

TLHarstem Protoss 

Build Orders: 1 Gate Expand, Oracle Opening 

Get SALT Encoding   

  12  0:00  Probe  
  13  0:12  Probe  
  14  0:20  Pylon  
  14  0:24  Probe  
  15  0:38  Probe (Chrono Boost)  
  15  0:40  Gateway  
  16  0:47  Probe (Chrono Boost)  
  17  0:50  Assimilator  
  17  0:52  Probe  
  18  1:04  Probe  
  19  1:16  Probe  
  20  1:27  Nexus  
  20  1:37  Cybernetics Core  
  20  1:40  Probe  
  20  1:46  Assimilator  
  21  1:52  Probe  
  22  1:57  Pylon  
  22  2:04  Probe  
  23  2:13  Adept (Chrono Boost)  
  25  2:18  Pylon  
  25  2:19  Probe  
  26  2:30  Stargate  
  26  2:31  Probe  
  26  2:34  Adept (Chrono Boost)  
  29  2:40  Warp Gate  
  29  2:42  Probe (Chrono Boost)  
  32  2:51  Probe (Chrono Boost)  
  32  2:52  Probe (Chrono Boost)  
  32  2:56  Adept  
  32  2:58  Probe  
  35  3:03  Probe  
  36  3:06  Void Ray (Chrono Boost)  
  36  3:10  Probe  
  37  3:15  Probe  
  42  3:22  Probe  
  42  3:23  Pylon  
  43  3:27  Probe  
  43  3:30  Gateway  
  45  3:34  Probe  
  45  3:39  Probe, Oracle (Chrono Boost)  
  46  3:47  Probe  
  50  3:50  Pylon  
  50  3:52  Probe  
  51  3:59  Probe, Pylon  
  52  4:04  Probe  
  52  4:09  Nexus  
  53  4:11  Probe  
  54  4:18  Probe, Robotics Facility  
  55  4:25  Shield Battery  
  55  4:26  Pylon  
  55  4:29  Probe  
  56  4:33  Probe (Chrono Boost)  
  56  4:35  Void Ray  
  57  4:39  Assimilator  
  57  4:40  Assimilator  
  57  4:45  Probe x2 (Chrono Boost)  
  63  4:47  Forge  
  63  4:52  Adept  
  65  4:55  Probe (Chrono Boost), Adept  
  65  4:56  Probe (Chrono Boost)  
  69  5:02  Pylon  
  69  5:06  Probe (Chrono Boost)  
  68  5:08  Probe (Chrono Boost)  
  69  5:17  Observer  
  69  5:20  Robotics Bay  
  73  5:22  Probe (Chrono Boost), Pylon  
  73  5:25  Probe x2 (Chrono Boost)  
  73  5:26  Void Ray (Chrono Boost)  
  73  5:27  Probe (Chrono Boost)  
  74  5:33  Probe (Chrono Boost)  
  80  5:36  Probe (Chrono Boost)  
  80  5:39  Assimilator  
  80  5:41  Assimilator  
  80  5:42  Probe (Chrono Boost)  
  82  5:44  Probe (Chrono Boost)  
  82  5:47  Probe (Chrono Boost)  
  82  5:49  Probe x2 (Chrono Boost)  
  84  5:55  Shield Battery  
  84  5:56  Probe, Shield Battery  
  86  6:02  Photon Cannon x2  
  86  6:05  Disruptor (Chrono Boost), Adept  
  86  6:06  Photon Cannon  
  92  6:11  Void Ray  
  92  6:12  Photon Cannon  
  92  6:13  Probe  
  96  6:24  Photon Cannon  
  97  6:26  Photon Cannon  
  97  6:28  Pylon  
  97  6:30  Pylon  
  97  6:31  Disruptor (Chrono Boost)  
  99  6:33  Zealot  
  101  6:46  Zealot  
  101  6:53  Probe  
  102  6:57  Photon Cannon  
  102  6:58  Shield Battery  
  102  7:00  Pylon  
  107  7:07  Zealot x2  
Show
View Real Time Build Order
Export as new Build Order

Serral Zerg - Winner!

Build Orders: Pool First 

Get SALT Encoding   

  12  0:00  Drone  
  13  0:12  Overlord  
  13  0:17  Drone  
  14  0:30  Drone  
  14  0:31  Drone  
  16  0:42  Spawning Pool  
  15  0:45  Drone  
  16  0:59  Drone  
  17  1:12  Hatchery  
  17  1:15  Drone  
  17  1:20  Drone  
  18  1:29  Zergling x2  
  18  1:30  Zergling x2  
  20  1:36  Queen  
  20  1:37  Extractor  
  21  1:43  Overlord  
  21  1:49  Drone  
  22  2:02  Drone  
  23  2:11  Drone, Queen  
  26  2:21  Drone  
  27  2:25  Drone, Queen  
  30  2:33  Drone  
  30  2:36  Drone  
  32  2:41  Metabolic Boost  
  32  2:44  Drone  
  32  2:45  Drone x2  
  32  2:46  Drone  
  36  2:55  Overlord  
  36  3:05  Hatchery  
  34  3:07  Drone  
  34  3:10  Overlord  
  35  3:16  Drone  
  36  3:21  Drone x2  
  36  3:22  Drone x2  
  40  3:27  Drone  
  40  3:29  Drone  
  40  3:31  Queen  
  44  3:35  Queen  
  44  3:39  Overlord  
  46  3:43  Drone  
  46  3:45  Spore Crawler  
  46  3:48  Zergling x4  
  46  3:49  Zergling x2  
  46  3:52  Zergling x2  
  46  3:53  Zergling x2  
  51  3:57  Overlord  
  51  3:59  Drone  
  52  4:12  Drone x6  
  58  4:17  Spore Crawler  
  58  4:18  Queen  
  58  4:19  Drone  
  58  4:23  Drone x2  
  62  4:30  Overlord  
  62  4:31  Drone x3  
  63  4:34  Overlord  
  64  4:40  Drone  
  64  4:41  Roach Warren  
  64  4:44  Spore Crawler  
  64  4:45  Drone x2  
  64  4:50  Zergling x2  
  64  4:51  Drone x3  
  68  4:53  Drone  
  69  5:00  Queen  
  69  5:02  Zergling x4  
  69  5:05  Drone x2  
  69  5:06  Lair  
  74  5:07  Extractor  
  74  5:08  Drone  
  74  5:09  Extractor, Zergling x2  
  74  5:12  Zergling x4  
  74  5:14  Extractor x2  
  74  5:17  Zergling x2  
  74  5:18  Overlord  
  74  5:19  Drone x2  
  75  5:22  Drone  
  75  5:24  Evolution Chamber, Overlord  
  75  5:29  Overlord  
  75  5:31  Overlord  
  75  5:34  Overlord  
  75  5:35  Roach  
  77  5:36  Roach  
  77  5:40  Roach x2  
  83  5:43  Roach x2  
  83  5:48  Roach x2  
  83  5:49  Roach  
  92  5:51  Roach  
  92  5:55  Zergling x4  
  92  5:56  Zergling x2  
  97  5:58  Ravager x2  
  97  6:02  Zergling x2  
  97  6:03  Zergling x6  
  102  6:05  Ravager  
  102  6:06  Ravager x2  
  102  6:08  Overlord  
  102  6:10  Zergling x4  
  108  6:11  Zergling x2  
  108  6:14  Ravager  
  109  6:22  Zergling x16  
  114  6:26  Ravager x2  
  114  6:31  Ravager  
  117  6:36  Ravager  
  117  6:48  Zergling x8  
  117  6:49  Zergling x4  
  121  7:04  Spire  
  121  7:05  Extractor  
Tags
 
Add a new tag
Caveats
  • Supply blocks, unpowered buildings, or Contaminate may cause inaccurate times.
  • Supply counts are checked every 10 seconds.